 Dungeon Crawl Stone Soup version 0.31-a0-728-g01b46875f1 (webtiles) character file.

Game seed: 13978243020703360396

134 Newt the Trooper (level 5, -3/35 HPs)
             Began as a Gargoyle Fighter on Sept 11, 2023.
             Killed by divine providence
             ... invoked by an orc priest
              (14 damage)
             ... on level 3 of the Dungeon.
             The game lasted 00:01:42 (1794 turns).

Newt the Trooper (Gargoyle Fighter)                 Turns: 1794, Time: 00:01:43

Health: -3/35      AC: 10    Str: 21    XL:     5   Next: 17%
Magic:  5/5        EV:  9    Int:  9    God:
Gold:   80         SH:  4    Dex:  9    Spells: 4/4 levels left

rFire   . . .        a - +0 flail
rCold   . . .        c - +0 buckler
rNeg    + . .        b - +0 scale mail
rPois   ∞            (no helmet)
rElec   +            (no cloak)
rCorr   .            (no gloves)
SInv    .            (no boots)
Will    .....        (no amulet) Stlth
                     (no ring)
HPRegen 0.25/turn    (no ring)
MPRegen 0.09/turn

%: no passive effects
@: no status effects
A: sickness immunity, AC +4, negative energy resistance 1, electricity
resistance, torment resistance 1, petrification resistance
a: no special abilities


You were on level 3 of the Dungeon.
You visited 1 branch of the dungeon, and saw 3 of its levels.

You collected 80 gold pieces.

Inventory:

Hand Weapons
 a - a +0 flail (weapon)
Missiles
 g - a javelin (quivered)
Armour
 b - a +0 scale mail (worn)
 c - a +0 buckler (worn)
Jewellery
 l - a ring of fire
Scrolls
 i - a scroll of blinking
Potions
 d - a potion of might
 e - a potion of ambrosia {unknown}
 f - a potion of enlightenment
 m - a potion of curing
 n - a potion of attraction


   Skills:
 - Level 5.0 Fighting
 + Level 3.9 Maces & Flails
 - Level 3.2 Armour
 - Level 3.2 Shields


You had 4 spell levels left.
You didn't know any spells.
Your spell library contained the following spells:

 Spells                   Type           Power      Damage    Failure   Level
 Summon Guardian Golem    Hex/Summ       0%         N/A       99%         3
 Orb of Destruction       Conj           0%         9d5       100%        7
 Spellforged Servitor     Conj/Summ      0%         N/A       100%        7


Dungeon Overview and Level Annotations

Branches:
Dungeon (3/15)

Altars:
Trog


Innate Abilities, Weirdness & Mutations

You are immune to sickness and miasma.
Your stone body is resilient. (AC +4)
You are immune to poison.
You resist negative energy. (rN+)
You are resistant to electric shocks. (rElec)
You are resistant to unholy torment.
You are immune to petrification.


Message History

Aim: an orc priest, wielding a +0 short sword and wearing a +0 ring mail (severely wounded, 56% to hit)
You throw a javelin.
The javelin hits the orc and shatters for extra damage!
You kill the orc!
Unknown command.
Unknown command.
Unknown command.
Throw: 4 javelins
Press: ? - help, Q - select action Shift-Dir - straight line, f/p - orc priest
Aim: an orc priest, wielding a +0 short sword and wearing a +0 ring mail (severely wounded, 56% to hit)
You throw a javelin. The javelin closely misses the gnoll.
The javelin pierces through the gnoll!
You kill the gnoll!
The javelin barely misses the orc priest.
The gnoll hits you with a +0 flail!
* * * LOW HITPOINT WARNING * * *
The gnoll closely misses you.
You have reached level 5!
Unknown command.
Unknown command.
Throw: 3 javelins
Press: ? - help, Q - select action Shift-Dir - straight line, f/p - orc priest
Aim: an orc priest, wielding a +0 short sword and wearing a +0 ring mail (severely wounded, 56% to hit)
You throw a javelin. The javelin pierces through the gnoll!
You kill the gnoll!
The javelin closely misses the gnoll.
The javelin pierces through the orc priest but does no damage.
The orc priest is severely wounded.
Unknown command.
Unknown command.
Throw: 2 javelins
Press: ? - help, Q - select action Shift-Dir - straight line, f/p - orc priest
Aim: an orc priest, wielding a +0 short sword and wearing a +0 ring mail (severely wounded, 56% to hit)
You throw a javelin. The javelin pierces through the orc.
The orc is almost dead.
The javelin closely misses the orc priest.
The orc hits you but does no damage.
The orc priest invokes the aid of Beogh against you.
Beogh smites you!
You die...

.........#.#.##
###.##....##.# #.$
###.##.......# #.#
[...##.####### #.#
#####...# #.. #...# #.#
#...# #.#####.# #...#
#.......# # #####...######
#@# .. ..
.............###o# .# #g..
...............og# o#.....
.........[...###)##o......
###.#...#.#### #)...g.....
# #.#...#.# #.#..#.#.##
###.#...#.# #(.....#.#
....#...#.# ###..$....
##>.......# #.......#


You could see an orc priest, a gnoll and an orc.

Vanquished Creatures
  A hound (D:3)
  An adder (D:3)
  4 gnolls
  3 dart slugs
  4 orcs (D:3)
  3 ball pythons
  7 bats
  5 endoplasms
  A giant cockroach (D:1)
  3 hobgoblins
  4 jackals (D:1)
  A frilled lizard (D:1)
  5 goblins
  A kobold (D:1)
  3 rats (D:1)
46 creatures vanquished.

Notes
Turn   | Place    | Note
-------+----------+-------------------------------------------
     0 | D:1      | Newt the Gargoyle Fighter began the quest for the Orb.
     0 | D:1      | Reached XP level 1. HP: 14/14 MP: 1/1
    29 | D:1      | Reached skill level 4 in Fighting
    29 | D:1      | Reached XP level 2. HP: 9/20 MP: 2/2
   385 | D:1      | Reached XP level 3. HP: 21/24 MP: 3/3
   931 | D:2      | Found a bloodstained altar of Trog.
  1170 | D:2      | You fall into a shaft and drop 1 floor!
  1486 | D:3      | Reached skill level 5 in Fighting
  1560 | D:3      | Reached XP level 4. HP: 27/31 MP: 4/4
  1775 | D:3      | HP: 1/31 [frozen (1)]
  1787 | D:3      | HP: 1/31 [orc/+0 hand axe (4)]
  1793 | D:3      | Reached XP level 5. HP: 10/35 MP: 5/5
  1794 | D:3      | Killed from afar by an orc priest

Illustrated notes

Levels and vault maps discovered:
D:1:      lightli_arrival_noodles, layout_basic
D:2:      layout_rooms, basic_altar, kennysheep_small_spiral
D:3:      layout_loops_cross, serial_bayou_lagoon_a

Skill      XL: |  1  2  3  4 |
---------------+-------------+-----
Fighting       | 4 5 |  5.0
Maces & Flails | 3 |  3.9
Armour         | |  3.2
Shields        | |  3.2

Action                     |  1- 3 |  4- 6 || total
---------------------------+-------+-------++-------
  Melee: Flail             |   111 |    33 ||   144
  Throw: Javelin           |       |     5 ||     5
    Use: Scroll            |     5 |       ||     5
         Potion            |     2 |     3 ||     5
 Armour: Scale mail        |    89 |    41 ||   130
  Dodge: Dodged            |    58 |    15 ||    73
  Block: Buckler           |    22 |     4 ||    26

Table legend: (Time is in decaauts)
 A = Elapsed time spent in this place.
 B = Non-inter-level travel time spent in this place.
 C = Inter-level travel time spent in this place.
 D = Time resting spent in this place.
 E = Time spent auto-exploring this place.
 F = Levels seen in this place.
 G = Mean time per level.
                   A        B        C        D        E       F      G
               +--------+--------+--------+--------+--------+-----+--------+
         Total |   1849 |   1735 |    114 |    141 |   1232 |   3 |  616.3 |
       Dungeon |   1849 |   1735 |    114 |    141 |   1232 |   3 |  616.3 |
               +--------+--------+--------+--------+--------+-----+--------+

Top non-repeatable levels by time:
     D:1: 937 daAuts
     D:2: 467 daAuts
     D:3: 444 daAuts
